 Dungeon Crawl Stone Soup version 0.25.1-2-g60ff931df9 (webtiles) character file.

Game seed: 4688978744678038982

1533 Garessta the Zephyrmancer (level 8, -10/41 HPs)
             Began as a Tengu Air Elementalist on Oct 13, 2020.
             Mangled by an ogre
             ... wielding a +0 giant club
              (26 damage)
             ... on level 5 of the Dungeon.
             The game lasted 00:35:03 (8260 turns).

Garessta the Zephyrmancer (Tengu Air Elementalist)  Turns: 8260, Time: 00:35:04

Health: -10/41     AC:  3    Str: 10    XL:     8   Next: 85%
Magic:  2/19       EV: 13    Int: 17    God:
Gold:   239        SH:  0    Dex: 20    Spells: 6/21 levels left

rFire    . . .     SeeInvis .   m - +0 spear
rCold    . . .     Gourm    .   (no shield)
rNeg     . . .     Faith    .   a - +1 robe
rPois    .         Spirit   .   (helmet restricted)
rElec    .         Reflect  .   (no cloak)
rCorr    .         Harm     .   (no gloves)
MR       .....                  (boots unavailable)
Stlth    ++........             (no amulet)
HPRegen  0.13/turn              n - +6 ring of dexterity
MPRegen  0.16/turn              (no ring)

@: no status effects
A: beak, talons 3, able to fly
a: Fly


You were on level 5 of the Dungeon.
You were very hungry.

You visited 1 branch of the dungeon, and saw 5 of its levels.
You also visited: Sewer.

You collected 239 gold pieces.

Inventory:

Hand Weapons
 m - a +0 spear (weapon)
Missiles
 j - 5 boomerangs (quivered)
Armour
 a - a +1 robe (worn)
Jewellery
 n - a +6 ring of dexterity (left hand)
Wands
 i - a wand of flame (24)
 r - a wand of paralysis (7)
Scrolls
 b - a scroll of remove curse
 d - a scroll of magic mapping
 e - a scroll of fog {unknown}
 l - a scroll of immolation {unknown}
 o - 3 scrolls of teleportation
Potions
 f - 2 potions of ambrosia {unknown}
 g - 3 potions of haste
 h - a potion of curing
 k - a potion of brilliance
 p - a potion of berserk rage
 q - 2 potions of might
 t - 2 potions of heal wounds {unknown}
Comestibles
 c - 4 rations


   Skills:
 - Level 2.1 Dodging
 - Level 2.0 Stealth
 * Level 7.2 Spellcasting
 + Level 7.0 Conjurations
 + Level 8.1 Air Magic


You had 6 spell levels left.
You knew the following spells:

 Your Spells              Type           Power        Failure   Level  Hunger
a - Shock                 Conj/Air       ####         1%          1    None
b - Swiftness             Chrm/Air       ###.....     3%          2    None
c - Static Discharge      Conj/Air       ####....     1%          3    ##.....
d - Airstrike             Air            ####......   4%          4    ####...
e - Lightning Bolt        Conj/Air       ####......   14%         5    #####..

Your spell library contained the following spells:

 Spells                   Type           Power        Failure   Level  Hunger


Dungeon Overview and Level Annotations

Branches:
Dungeon (5/15)              Sewer (visited)
 Temple: D:4-7

Altars:
Dithmenos
Fedhas
Hepliaklqana
Kikubaaqudgha
Nemelex Xobeh

Annotations:
D:2 exclusion: oklob plant


Innate Abilities, Weirdness & Mutations

You have a beak for a mouth.
You have claws for feet.
You can fly continuously.


Message History

The bolt of lightning misses the hippogriff.
Your surroundings suddenly seem different.
You start resting.
An ogre comes into view. It is wielding a +0 giant club.
You start resting.
The ogre is too close now for your liking.
You start resting.
The ogre is too close now for your liking.
Casting: Lightning Bolt (extremely dangerous; 14% risk of failure)
Confirm with . or Enter, or press ? or * to list all spells.
The spell is extremely dangerous to cast (14% risk of failure)!
Continue anyway?
Aiming: Lightning Bolt (extremely dangerous; 14% risk of failure)
Press: ? - help, Shift-Dir - straight line You hear a mighty clap of thunder!
The bolt of lightning misses the ogre.
The ogre shouts!
You are feeling very hungry.
The ogre hits you with a +0 giant club!!
Ouch! That really hurt!
You die...

#.O,,,,,,.,,#########
#.#****,..#.#........
#.# *.#.......#####
#.# *#...#.#.#.#####
#.# *#..,,*,#,#......
#.###.#**,*,*,#.#####
#.##.#* **,,*,#.#
#..O.# *,,*,#.#####
####@#* **,**,#......
##.#**,**#.#####..
*#..,** #........
*#.#* #######.. *.#
#.. *,# #.. *,* #..
*,* #######..
*******,* #........


You could see an ogre.

Vanquished Creatures
  Menkaure (D:4)
  An ogre (D:4)
  9 big kobolds
  2 scorpions (D:4)
  A howler monkey (D:4)
  A crimson imp (D:5)
  4 orc priests (D:4)
  3 orc wizards
  A worker ant (D:4)
  3 gnolls (D:4)
  13 adders
  3 shadow imps (D:4)
  7 oozes (Sewer)
  6 worms
  6 leopard geckos
  5 orcs (D:3)
  4 giant cockroaches
  9 goblins
  9 hobgoblins
  5 jackals (D:4)
  A quokka (D:4)
  3 ball pythons
  3 bats
  7 frilled lizards
  12 kobolds
  8 rats
  2 rat zombies (D:4)
129 creatures vanquished.

Vanquished Creatures (others)
  18 toadstools (D:2)
18 creatures vanquished.

Grand Total: 147 creatures vanquished

Notes
Turn   | Place    | Note
-------+----------+-------------------------------------------
     0 | D:1      | Garessta the Tengu Air Elementalist began the quest for the
                  | Orb.
     0 | D:1      | Reached XP level 1. HP: 10/10 MP: 4/4
   439 | D:1      | Reached XP level 2. HP: 15/15 MP: 3/6
   514 | D:1      | Learned a level 2 spell: Swiftness
  2140 | D:1      | Reached XP level 3. HP: 19/19 MP: 1/8
  2151 | D:1      | Learned a level 3 spell: Static Discharge
  2641 | D:2      | Reached XP level 4. HP: 24/24 MP: 3/9
  2871 | D:2      | Found a sparkling altar of Nemelex Xobeh.
  2997 | D:2      | Found a blossoming altar of Fedhas.
  3010 | D:2      | Noticed an oklob plant
  3524 | D:3      | Reached skill level 5 in Air Magic
  3585 | D:3      | Gained mutation: You can fly continuously. [Tengu growth]
  3585 | D:3      | Reached XP level 5. HP: 28/28 MP: 9/11
  3591 | D:3      | Learned a level 4 spell: Airstrike
  3829 | D:3      | Paralysed by a kobold for 7 turns
  4372 | D:4      | Noticed Menkaure
  4857 | D:4      | Found a transporter.
  4878 | D:4      | Found a transporter.
  4985 | D:4      | Reached XP level 6. HP: 32/32 MP: 1/13
  5140 | D:3      | HP: 1/32 [poisoned by a worker ant]
  5785 | D:4      | Reached skill level 6 in Air Magic
  5894 | D:4      | Reached skill level 5 in Spellcasting
  5894 | D:4      | Reached XP level 7. HP: 36/36 MP: 2/15
  5906 | D:4      | Learned a level 5 spell: Lightning Bolt
  6092 | D:4      | Killed Menkaure
  6092 | D:4      | Reached skill level 5 in Conjurations
  6275 | D:4      | Found a hazy altar of Hepliaklqana.
  6448 | D:4      | Found a shadowy altar of Dithmenos.
  6448 | D:4      | Noticed a shadow
  6646 | D:4      | Found an ancient bone altar of Kikubaaqudgha.
  6835 | D:4      | Reached XP level 8. HP: 32/41 MP: 10/17
  6837 | D:4      | Reached skill level 7 in Air Magic
  6941 | D:5      | Entered Level 5 of the Dungeon
  6961 | D:5      | Noticed a hippogriff
  6989 | D:5      | Found a glowing drain.
  6993 | Sewer    | Entered a sewer
  8028 | Sewer    | Reached skill level 8 in Air Magic
  8260 | D:5      | Mangled by an ogre

Illustrated notes

Levels and vault maps discovered:
D:1:      elethiomel_arrival_maze, layout_basic, minmay_box_of_dots
D:2:      layout_rooms, tgw_fedhas, nemelex_altar_shiori
D:3:      layout_basic
D:4:      gammafunk_wand_slinger, layout_rooms,
          riverfiend_overflow_shadow_ancestor,
          lemuel_zombie_altar_kikubaaqudgha, minmay_door_square, uniq_menkaure
D:5:      layout_loops_ring, first_ration, serial_shops,
          nicolae_shop_window_shopping, gup_sewer_entry_bowl

Skill      XL: |  1  2  3  4  5  6  7  8 |
---------------+-------------------------+-----
Conjurations   | 2 3 4 5 7 |  7.0
Spellcasting   | 3 4 5 7 |  7.2
Air Magic      | 5 6 8 |  8.1
Dodging        | |  2.1
Stealth        | |  2.0

Action                   |  1- 3 |  4- 6 |  7- 9 || total
-------------------------+-------+-------+-------++-------
Melee: Spear             |    28 |     9 |    13 ||    50
       Kick              |     3 |     1 |     1 ||     5
       Peck              |     2 |       |     1 ||     3
 Cast: Shock             |    86 |    91 |   114 ||   291
       Static Discharge  |       |     6 |    11 ||    17
       Airstrike         |       |     9 |    12 ||    21
       Swiftness         |       |     3 |     1 ||     4
       Lightning Bolt    |       |       |     3 ||     3
  Use: Scroll            |       |     9 |     3 ||    12
       Potion            |       |     1 |     1 ||     2
 Stab: Distracted        |       |       |     1 ||     1
  Eat: Ration            |     1 |     1 |     1 ||     3
       Chunk             |     2 |     9 |     7 ||    18
Armor: Robe              |       |     3 |     3 ||     6
Dodge: Dodged            |    17 |    21 |    33 ||    71
